 Dungeon Crawl Stone Soup version 0.31-a0-983-g7b6862f502 (webtiles) character file.

Game seed: 14510520253982626695

114860 octoduck the Brawler (level 16, -16/216 HPs)
             Began as a Grey Draconian Shapeshifter on Nov 2, 2023.
             Was a High Priest of Okawaru.
             Demolished by Kikiss's ghost (20 damage)
             ... on level 2 of the Lair of Beasts on Nov 3, 2023.
             The game lasted 02:11:10 (41652 turns).

octoduck the Brawler (Grey Draconian Shapeshifter) Turns: 41652, Time: 02:11:11

Health: -16/216    AC: 21    Str: 24    XL:     16   Next: 17%
Magic:  0/21       EV: 18    Int: 11    God:    Okawaru [*****.]
Gold:   713        SH:  0    Dex: 14    Spells: 14/15 levels left

rFire   . .          .
                       - Unarmed
rCold   . . .        (no shield)
rNeg    . . .        (body armour unavailable)
rPois   .            (helmet restricted)
rElec   .            (no cloak)
rCorr   +            m - +2 pair of gloves {Str+3}
SInv    .            (no boots)
Will    +....        T - amulet of guardian spirit Stlth
                     D - +4 ring of protection
HPRegen 0.56/turn    w - ring of resist corrosion
MPRegen 0.17/turn

%: guardian spirit
@: berserking, maw-form, flying, very quick
A: devouring maw, AC +14, amphibious, unfitting armour, cold-blooded
a: Begin Untransformation, Renounce Religion, Heroism, Finesse, Duel


You were on level 2 of the Lair of Beasts.
You worshipped Okawaru.
Okawaru was extremely pleased with you.
You were a creature with a mouth for a stomach.
You visited 6 branches of the dungeon, and saw 26 of its levels.
You also visited: Gauntlet.

You collected 2486 gold pieces.
You spent 1773 gold pieces at shops.

Inventory:

Missiles
 c - 2 datura-tipped darts
 l - 2 atropa-tipped darts
 o - 2 curare-tipped darts
 t - 25 poisoned darts
 G - 13 silver javelins
 I - 8 darts of dispersal
 X - a throwing net
Armour
 m - a +2 pair of gloves of strength (worn)
 L - a +0 buckler
Jewellery
 a - a ring of fire
 b - a ring of fire
 j - a ring of ice
 q - a ring of positive energy
 w - a ring of resist corrosion (right hand)
 D - a +4 ring of protection (left hand)
 T - an amulet of guardian spirit (around neck)
 V - an amulet of faith
Talismans
 u - the blade talisman of the Fife {Fly rElec Will- Int+6}
   (You found it in a Gauntlet)

   [blade talisman]

   Int+6:     It affects your intelligence (+6).
   rElec:     It insulates you from electricity.
   Will-:     It decreases your willpower.
   Fly:       It grants you flight.
 W - a maw talisman (active)
Wands
 i - a wand of paralysis (7)
 r - a wand of iceblast (13)
 s - a wand of polymorph (7)
 v - a wand of acid (2)
 y - a wand of digging (13)
 B - a wand of flame (27)
 F - a wand of mindburst (16)
Scrolls
 e - 5 scrolls of vulnerability
 f - 2 scrolls of enchant weapon
 g - 5 scrolls of blinking
 h - 2 scrolls of identify
 p - 9 scrolls of teleportation
 J - 3 scrolls of amnesia
 N - 3 scrolls of fear
 P - 5 scrolls of enchant armour
 R - 6 scrolls of poison
 Y - 2 scrolls of immolation
 Z - 3 scrolls of fog
Potions
 d - 17 potions of curing
 k - 4 potions of cancellation
 n - a potion of ambrosia
 x - 2 potions of enlightenment
 z - 2 potions of attraction
 A - 4 potions of heal wounds
 K - 4 potions of brilliance
 M - 5 potions of haste
 O - 3 potions of lignification
 Q - 5 potions of mutation
 S - 2 potions of invisibility
Miscellaneous
 C - a tin of tremorstones (2/2)


   Skills:
 - Level 13.4 Fighting
 - Level 12.2 Dodging
 - Level 5.6 Stealth
 - Level 15.9 Unarmed Combat
 - Level 7.3 Invocations
 * Level 6.2 Evocations
 + Level 13.8 Shapeshifting


You had 14 spell levels left.
You knew the following spells:

 Your Spells              Type           Power      Damage    Failure   Level
a - Foxfire               Conj/Fire      0%         2x1d4     34%         1

Your spell library contained the following spells:

 Spells                   Type           Power      Damage    Failure   Level
 Shock                    Conj/Air       0%         1d3       34%         1
 Blink                    Tloc           0%         N/A       47%         2
 Cigotuvi's Dreadful Rot  Necr/Pois/Air  0%         N/A       47%         2
 Lesser Beckoning         Tloc           0%         N/A       47%         2
 Scorch                   Fire           0%         2d5       47%         2
 Sublimation of Blood     Necr           0%         N/A       47%         2
 Wereblood                Tmut           0%         N/A       47%         2
 Dazzling Flash           Conj/Hex       0%         N/A       71%         3
 Frozen Ramparts          Ice            0%         1d1       71%         3
 Ignite Poison            Fire/Tmut/Pois 0%         N/A       71%         3
 Inner Flame              Hex/Fire       0%         N/A       71%         3
 Stone Arrow              Conj/Erth      0%         3d7       71%         3
 Swiftness                Air            0%         N/A       71%         3
 Airstrike                Air            0%         2d(0-16)  98%         4
 Brom's Barrelling Bould  Conj/Erth      0%         2d3       98%         4
 Dimensional Bullseye     Hex/Tloc       0%         N/A       98%         4
 Flame Wave               Conj/Fire      0%         2d4       98%         4
 Iskenderun's Mystic Bla  Conj/Tloc      0%         2d3       98%         4
 Passage of Golubria      Tloc           0%         N/A       98%         4
 Petrify                  Tmut/Erth      0%         N/A       98%         4
 Sticky Flame             Conj/Fire      0%         2d3       98%         4
 Vhi's Electric Charge    Tloc/Air       0%         N/A       98%         4
 Agony                    Necr           0%         N/A       100%        5
 Borgnjor's Vile Clutch   Necr/Erth      0%         N/A       100%        5
 Freezing Cloud           Conj/Ice/Air   0%         6-21      100%        5
 Metabolic Englaciation   Hex/Ice        0%         N/A       100%        5
 Silence                  Hex/Air        0%         N/A       100%        5
 Yara's Violent Unravell  Hex/Tmut       0%         3d3       100%        5
 Conjure Ball Lightning   Conj/Air       0%         3x3d6     100%        6
 Starburst                Conj/Fire      0%         6d3       100%        6
 Discord                  Hex            0%         N/A       100%        8
 Disjunction              Tloc           0%         N/A       100%        8
 Tukima's Dance           Hex            Unusable   N/A       N/A         3
 Summon Hydra             Summ           Unusable   N/A       N/A         7

Dungeon Overview and Level Annotations

Branches:
Dungeon (15/15)            Temple (1/1) D:6            Lair (5/5) D:9
  Swamp (2/4) Lair:2        Snake (0/4) Lair:2        Slime (0/5) Lair:5
    Orc (2/2) D:12            Elf (0/3) Orc:2        Vaults (0/5) D:14
 Depths (1/4) D:15        Gauntlet (visited)

Altars:
Ashenzari
Cheibriados
Dithmenos
Elyvilon
Fedhas
Gozag
Hepliaklqana
Kikubaaqudgha
Makhleb
Nemelex Xobeh
Okawaru
Qazlal
Ru
Sif Muna
Trog
Uskayaw
Vehumet
Wu Jian
Xom
Yredelemnul
Zin
The Shining One
Jiyva

Shops:
D:13 [   Orc:1 *:(((   Orc:2 !(*=*

Portals:
Pandemonium: Orc:2
Trove: D:10 (give 20 potions of curing)
Gauntlet: Lair:4

Annotations:
D:14 Louise
Lair:1 1 runed translucent door, justen's ghost, journeyman TrSh
Lair:2 Kikiss's ghost, adept DrSh
Lair:4 1 runed translucent door, Pecete's ghost, journeyman DrDe
Swamp:1 Mahus's ghost, journeyman GrBe; Mett's ghost, journeyman MfSh


Innate Abilities, Weirdness & Mutations

You are a creature with a mouth for a stomach.
Your midsection houses a second, enormous mouth.
Your dull iron-grey scales are very hard. (AC +14)
You are amphibious.
You cannot fit into any form of body armour.
You are cold-blooded and may be slowed by cold attacks.


Message History

* * * LOW HITPOINT WARNING * * *
Kikiss's ghost freezes you.
* * * LOW HITPOINT WARNING * * *
Kikiss's ghost hits you.
* * * LOW HITPOINT WARNING * * *
Kikiss's ghost freezes you.
* * * LOW HITPOINT WARNING * * *
You closely miss Kikiss's ghost. Your punch misses Kikiss's ghost.
You bite Kikiss's ghost!
Kikiss's ghost is moderately damaged.
You completely miss Kikiss's ghost.
You tail-slap Kikiss's ghost, but do no damage.
You bite Kikiss's ghost!
Kikiss's ghost is heavily damaged.
Kikiss's ghost hits you but does no damage.
You miss Kikiss's ghost. Your punch misses Kikiss's ghost.
Your bite misses Kikiss's ghost.
Kikiss's ghost is heavily damaged.
Kikiss's ghost hits you!!
* * * LOW HITPOINT WARNING * * *
Kikiss's ghost freezes you!
* * * LOW HITPOINT WARNING * * *
You are too berserk!
You are too berserk!
You punch Kikiss's ghost!
Your tail-slap misses Kikiss's ghost.
You bite Kikiss's ghost!
Kikiss's ghost is severely damaged.
Press: ? - help, v - describe, . - travel, g - get item
Here: Kikiss's ghost, wielding a weapon of freezing (thin mist, severely damaged) Item here: a swamp drake skeleton.
Some shallow water.
You pummel Kikiss's ghost!!
Kikiss's ghost is severely damaged.
Kikiss's ghost closely misses you.
You completely miss Kikiss's ghost.
Your tail-slap misses Kikiss's ghost.
Your punch misses Kikiss's ghost. Your bite misses Kikiss's ghost.
Kikiss's ghost is severely damaged.
You feel yourself speed up. Kikiss's ghost hits you!!
You die...

................♣♣♣..§♣♣♣........
...............♣♣..§§§§.♣♣.......
................♣§..♣♣§.§♣.......
................♣♣§§§§§§~♣♣......
#..............♣♣§§§§§§~~~♣......
###.#...........♣.§§§§§≈..♣......
#P.###.#......♣♣♣§§§♣♣♣..♣♣.....
##P# #####....♣♣W§§♣♣♣§§♣♣....#.
### ##...♣W§§♣♣♣♣§§♣♣♣...##
#...♣♣♣♣♣.§..§♣ #.### #
##....♣♣..§♣♣♣♣ ### #
#....♣♣....~~≈♣♣ #
##.....♣♣~.~...≈♣ ##
#.....♣♣~~.~..≈≈♣ .#
##...♣♣...~~~~≈≈♣ ##
##...♣♣..♣♣♣♣♣♣♣ ## ###
#..........#


You could see Kikiss's ghost.

Vanquished Creatures
  Saint Roka (Orc:2)
  Rupert (Lair:4)
  Agnes (D:14)
  The ghost of serber55 the Mimic, a journeyman DsSh of Wu Jian (Orc:2)
  Azrael (D:15)
  A minotaur (Gauntlet)
  An ettin (D:15)
  Josephine (D:10)
  An entropy weaver (shapeshifter) (D:15)
  A fire dragon (Lair:5)
  2 vault guards (D:14)
  7 hydras
  2 catoblepae (D:13)
  2 demonspawn (Orc:2)
  An ice dragon (Lair:5)
  2 ogre magi (D:15)
  2 alligators
  6 two-headed ogres
  Erica (D:11)
  3 boulder beetles
  5 death yaks
  A death knight (D:15)
  3 centaur warriors
  2 tengu warriors
  An occultist (D:15)
  9 orc high priests (Orc:2)
  The ghost of lunkers the Martial Artist, a novice MeSh of Okawaru (D:8)
  3 skysharks
  2 large abominations (Gauntlet)
  A deep elf archer (D:14)
  A swamp dragon (Lair:5)
  Pikel (D:7)
  7 orc knights
  2 deep elf pyromancers
  A lindwurm (Lair:5)
  7 orc sorcerers
  A will-o-the-wisp (Swamp:1)
  A phantasmal warrior (D:15)
  6 ugly things
  4 manticores
  4 cyclopes
  2 oklob plants (Lair:5)
  An eye of devastation (Gauntlet)
  Maurice (D:11)
  20 elephants
  5 torpor snails (Lair:5)
  A black mamba (shapeshifter) (D:14)
  9 cane toads
  4 black mambas
  An orange demon (Orc:2)
  Maggie (D:8)
  A gargoyle (D:14)
  2 unseen horrors
  9 komodo dragons
  A kobold demonologist (D:12)
  3 freezing wraiths (D:15)
  7 rime drakes
  An efreet (D:15)
  5 tengu conjurers
  8 tyrant leeches
  4 trolls
  2 polar bears
  A raiju (Gauntlet)
  A glass eye (Gauntlet)
  11 dream sheep
  9 hornets
  4 blink frogs (Lair:5)
  4 water elementals
  7 slime creatures
  6 small abominations (Gauntlet)
  A ynoxinul (Orc:2)
  A spriggan (Swamp:1)
  A vampire (D:11)
  4 fire elementals (D:15)
  9 wraiths
  2 basilisks (Lair:1)
  4 wyverns
  50 yaks
  4 steam dragons
  A redback (shapeshifter) (D:15)
  3 vampire mosquitoes
  A chaos spawn (Orc:1)
  2 humans (D:14)
  3 wargs (Orc:2)
  4 swamp worms
  3 acid dragons
  4 hell hounds (D:15)
  A water moccasin (shapeshifter) (D:15)
  21 water moccasins
  4 swamp drakes
  2 black bears
  8 ice beasts
  33 orc warriors
  2 sky beasts
  3 boggarts
  12 ogres
  7 wolves
  10 centaurs
  2 phantoms
  4 kobold brigands
  13 bullfrogs
  3 gnoll sergeants
  3 scorpions
  17 wights
  13 killer bees
  12 electric eels
  A vampire bat (Lair:3)
  3 howler monkeys (D:10)
  5 jellies
  3 hounds
  24 orc priests
  A centaur skeleton (D:8)
  3 gnoll boudas
  11 iguanas
  20 orc wizards
  2 centaur simulacra (D:8)
  19 gnolls
  7 adders
  A howler monkey skeleton (D:8)
  A shadow imp (D:7)
  3 white imps
  2 worms
  3 dart slugs
  68 orcs
  14 bats
  3 bat skeletons (D:3)
  2 bat zombies (D:3)
  8 endoplasms
  2 giant cockroaches
  4 goblins
  8 hobgoblins
  28 kobolds
  4 quokkas
  3 ball pythons
  2 frilled lizards (D:2)
  5 rats
759 creatures vanquished.

Vanquished Creatures (others)
  An orc priest (Orc:2)
  A gnoll (D:12)
  16 foxfires
18 creatures vanquished.

Grand Total: 777 creatures vanquished

Notes
Turn   | Place    | Note
-------+----------+-------------------------------------------
     0 | D:1      | octoduck the Draconian Shapeshifter began the quest for the
                  | Orb.
     0 | D:1      | Reached XP level 1. HP: 16/16 MP: 1/1
   516 | D:1      | Reached XP level 2. HP: 23/23 MP: 2/2
  1125 | D:2      | Reached skill level 4 in Unarmed Combat
  1345 | D:2      | Reached XP level 3. HP: 28/28 MP: 3/3
  1954 | D:3      | Identified the of Ugesch
  2022 | D:3      | Found a shimmering blue altar of Sif Muna.
  2555 | D:3      | Found an ancient bone altar of Kikubaaqudgha.
  2780 | D:4      | Found a snail-covered altar of Cheibriados.
  2878 | D:4      | Found a broken altar of Ashenzari.
  2896 | D:4      | Reached XP level 4. HP: 33/35 MP: 4/4
  2915 | D:4      | Reached skill level 5 in Unarmed Combat
  3051 | D:5      | Entered Level 5 of the Dungeon
  3086 | D:5      | Noticed a scorpion
  3147 | D:5      | Killed a scorpion
  3148 | D:5      | Reached XP level 5. HP: 16/40 MP: 5/5
  3400 | D:5      | Learned a level 1 spell: Foxfire
  3779 | D:5      | Reached skill level 6 in Unarmed Combat
  4285 | D:5      | Noticed a phantom
  4327 | D:4      | Killed a phantom
  4328 | D:4      | Reached skill level 7 in Unarmed Combat
  4328 | D:4      | Reached XP level 6. HP: 34/47 MP: 6/6
  4707 | D:5      | Reached skill level 8 in Unarmed Combat
  4707 | D:5      | Your scales start taking on a dull iron-grey colour.
  4707 | D:5      | Reached XP level 7. HP: 35/52 MP: 7/7
  5126 | D:6      | Found a staircase to the Ecumenical Temple.
  5299 | D:6      | Reached skill level 9 in Unarmed Combat
  5387 | D:6      | Identified the +3 mace of Poverty {heavy, rN+}
  5390 | Temple   | Entered the Ecumenical Temple
  5453 | Temple   | Became a worshipper of Warmaster Okawaru
  5474 | D:6      | Found a stormy altar of Qazlal.
  5497 | D:6      | Reached XP level 8. HP: 33/59 MP: 8/8
  6321 | D:7      | Noticed a hornet
  6325 | D:7      | Killed a hornet
  6326 | D:7      | Reached skill level 5 in Shapeshifting
  6485 | D:5      | Reached * piety under Okawaru
  6572 | D:5      | Reached skill level 10 in Unarmed Combat
  7118 | D:7      | Noticed Pikel
  7432 | D:7      | Reached ** piety under Okawaru
  7433 | D:7      | Reached XP level 9. HP: 64/64 MP: 9/9
  7789 | D:7      | Killed Pikel
  7790 | D:7      | Reached skill level 11 in Unarmed Combat
  7956 | D:7      | You fall into a shaft and drop 1 floor!
  7956 | D:8      | Found an ornate altar of the Wu Jian Council.
  8025 | D:8      | Found Zin's Purification Station.
  8143 | D:7      | Found a shadowy altar of Dithmenos.
  8146 | D:7      | Found a hazy altar of Hepliaklqana.
  8526 | D:7      | Reached *** piety under Okawaru
  8788 | D:7      | Reached skill level 1 in Invocations
  9078 | D:8      | Noticed Maggie
  9085 | D:8      | Killed Maggie
  9404 | D:8      | Found a glowing silver altar of Zin.
  9425 | D:8      | Reached XP level 10. HP: 59/77 MP: 12/12
  9602 | D:8      | Bought a potion of curing for 90 gold pieces
  9797 | D:8      | Reached skill level 12 in Unarmed Combat
  9810 | D:8      | Reached **** piety under Okawaru
  9948 | D:8      | Found a runed translucent gate.
  9949 | D:8      | Found a runed translucent gate.
  9977 | D:8      | Found a runed translucent gate.
  9982 | D:8      | Noticed lunkers's ghost (novice MeSh)
 10081 | D:8      | Reached skill level 5 in Fighting
 10202 | D:8      | Reached skill level 5 in Invocations
 11242 | D:9      | Reached ***** piety under Okawaru
 11622 | D:8      | Reached skill level 5 in Dodging
 11927 | D:9      | Reached XP level 11. HP: 80/91 MP: 15/15
 12141 | D:9      | Found Koorur's Demolitions Depot.
 12638 | D:9      | Received a gift from Okawaru
 13045 | D:9      | Found a staircase to the Lair.
 13470 | D:10     | Identified the of Citud
 13470 | Lair:1   | Identified the "Kedymunk"
 13470 | Lair:1   | Entered Level 1 of the Lair of Beasts
 13763 | Lair:1   | Found a runed translucent door.
 13766 | Lair:1   | Noticed justen's ghost (journeyman TrSh)
 13767 | Lair:1   | Noticed a spriggan rider
 13767 | Lair:1   | Identified the +3 spear of the Big Fish {antimagic, rPois
                  | Will+}
 14313 | Lair:1   | Received a gift from Okawaru
 15735 | Lair:2   | Noticed a four-headed hydra
 15747 | Lair:2   | Killed a four-headed hydra
 15967 | Lair:2   | Found a staircase to the Snake Pit.
 16243 | Lair:2   | Reached XP level 12. HP: 37/106 MP: 17/17
 16520 | Lair:2   | Reached skill level 10 in Fighting
 16562 | Lair:2   | Received a gift from Okawaru
 17370 | Lair:2   | Noticed a four-headed hydra
 17380 | Lair:2   | Killed a four-headed hydra
 17632 | Lair:2   | Found a staircase to the Swamp.
 17755 | Lair:3   | Identified the +0 ring mail of the Other Side {rCorr}
 18350 | Lair:3   | Received a gift from Okawaru
 18954 | Lair:4   | Noticed an eight-headed hydra
 19087 | D:10     | Entered Level 10 of the Dungeon
 19106 | D:10     | Found a portal to a secret trove of treasure.
 19394 | D:10     | Noticed Josephine
 19871 | D:10     | Killed Josephine
 19872 | D:10     | Reached skill level 10 in Dodging
 19990 | D:10     | Found a shimmering altar of Xom.
 20288 | D:11     | Noticed Erica
 20445 | D:11     | Reached ****** piety under Okawaru
 21240 | D:11     | Noticed Maurice
 21248 | D:11     | Maurice stole a +1 broad axe of distortion
 21255 | D:11     | Killed Maurice
 21309 | D:11     | Noticed a two-headed ogre
 21317 | D:11     | Killed a two-headed ogre
 21317 | D:11     | Received a gift from Okawaru
 21318 | D:11     | Reached XP level 13. HP: 106/119 MP: 18/18
 21981 | D:11     | Killed Erica
 22390 | D:11     | Upgraded the game from 0.31-a0-981-geadf994542 to
                  | 0.31-a0-983-g7b6862f502
 22598 | D:12     | Received a gift from Okawaru
 22715 | D:12     | Found a staircase to the Orcish Mines.
 24413 | D:13     | Found Zamouv's Specialty Armours.
 24862 | D:13     | Received a gift from Okawaru
 25483 | Orc:1    | Entered Level 1 of the Orcish Mines
 25614 | Orc:1    | Paralysed by an orc sorcerer for 2 turns
 25622 | Orc:1    | Paralysed by an orc sorcerer for 2 turns
 25862 | Orc:1    | Found Maileh's Assorted Antiques.
 25871 | Orc:1    | Bought a scroll of identify for 46 gold pieces
 25871 | Orc:1    | Bought a scroll labelled DIPAEL UHINI for 23 gold pieces
 25871 | Orc:1    | Bought a wand of iceblast (4) for 220 gold pieces
 25871 | Orc:1    | Bought a wand of iceblast (1) for 55 gold pieces
 26053 | Orc:1    | Found Ojuhiuw's Book Shop.
 26087 | Orc:1    | Found Imnari's Weapon Boutique.
 26125 | Orc:1    | Paralysed by an orc sorcerer for 4 turns
 26337 | Orc:2    | Entered Level 2 of the Orcish Mines
 26395 | Orc:2    | Noticed Saint Roka
 26692 | Lair:3   | Reached skill level 10 in Shapeshifting
 27103 | Lair:2   | Received a gift from Okawaru
 27104 | Lair:2   | Reached skill level 1 in Stealth
 27764 | Lair:4   | Found a runed translucent door.
 27764 | Lair:4   | Noticed Pecete's ghost (journeyman DrDe)
 27889 | Lair:4   | Reached XP level 14. HP: 129/129 MP: 19/19
 27968 | Lair:4   | Noticed Rupert
 27984 | Lair:4   | Killed Rupert
 28570 | Lair:5   | Entered Level 5 of the Lair of Beasts
 28615 | Lair:5   | Found a gate leading to a gauntlet.
 28647 | Lair:4   | Received a gift from Okawaru
 28845 | Lair:5   | Reached skill level 5 in Stealth
 28885 | Gauntlet | Entered a Gauntlet
 28885 | Gauntlet | Found a transporter.
 28893 | Gauntlet | Found a transporter.
 28895 | Gauntlet | Found a transporter.
 28906 | Gauntlet | Found a transporter.
 28909 | Gauntlet | Found a transporter.
 28918 | Gauntlet | Found a transporter.
 28939 | Gauntlet | Found a transporter.
 28950 | Gauntlet | Found a transporter.
 28961 | Gauntlet | Found a runed translucent gate.
 28962 | Gauntlet | Found a transporter.
 28963 | Gauntlet | Found a runed translucent gate.
 28963 | Gauntlet | Found a runed translucent gate.
 28981 | Gauntlet | Found a transporter.
 28986 | Gauntlet | Found a transporter.
 28996 | Gauntlet | Found a transporter.
 29044 | Gauntlet | Found a transporter.
 29061 | Gauntlet | Found a transporter.
 29202 | Gauntlet | Reached skill level 13 in Unarmed Combat
 29333 | Gauntlet | Identified the blade talisman of the Fife {Fly rElec Will-
                  | Int+6}
 29335 | Gauntlet | Identified the +2 pair of boots "Fyxkiwn" {Harm Drain rF+
                  | rC+}
 29556 | Gauntlet | Identified the +3 spear "Vuhurhe" {spect, +Blink rElec
                  | rCorr Str+3}
 30030 | Lair:5   | Received a gift from Okawaru
 30199 | Lair:5   | Found a runed translucent door.
 30689 | Lair:5   | Paralysed by a hornet for 3 turns
 31614 | Lair:5   | Received a gift from Okawaru
 31615 | Lair:5   | Reached skill level 14 in Unarmed Combat
 31940 | Lair:5   | Found a viscous altar of Jiyva.
 31942 | Lair:5   | Found a staircase to the Slime Pits.
 32864 | Lair:5   | Reached XP level 15. HP: 120/136 MP: 14/20
 33600 | D:14     | Noticed Agnes
 33616 | D:14     | Killed Agnes
 33616 | D:14     | Received a gift from Okawaru
 34189 | D:14     | Noticed Louise
 34713 | D:14     | Found a gate to the Vaults.
 35001 | D:15     | Entered Level 15 of the Dungeon
 35057 | D:15     | Reached skill level 15 in Unarmed Combat
 35941 | D:15     | Received a gift from Okawaru
 36075 | D:15     | Found a staircase to the Depths.
 36643 | D:15     | Noticed Azrael
 36648 | D:15     | Received a gift from Okawaru
 36655 | D:15     | Killed Azrael
 37291 | D:8      | Killed lunkers's ghost
 37609 | Orc:2    | Found a shimmering blue altar of Sif Muna.
 38004 | Orc:2    | Found Hadetisa's Assorted Antiques.
 38022 | Orc:2    | Bought a scroll of identify for 78 gold pieces
 38022 | Orc:2    | Bought a scroll of identify for 78 gold pieces
 38022 | Orc:2    | Bought a large granite ring for 195 gold pieces
 38029 | Orc:2    | Bought a wand of digging (4) for 655 gold pieces
 38126 | Orc:2    | Killed Saint Roka
 38127 | Orc:2    | Reached skill level 1 in Evocations
 38215 | Orc:2    | Found a runed translucent door.
 38216 | Orc:2    | Noticed serber55's ghost (journeyman DsSh)
 38236 | Orc:2    | Killed serber55's ghost
 38240 | Orc:2    | Identified the +7 plate armour of Recklessness {Will+}
 38335 | Orc:1    | Found Jooj's Antique Weapon Emporium.
 38350 | Orc:1    | Found Ahuuk's Antique Weapon Shop.
 38634 | Orc:2    | Found a staircase to the Elven Halls.
 38744 | Orc:2    | Found Ositrus's Distillery.
 38745 | Orc:2    | Found Sulo's General Store.
 38999 | Orc:2    | Bought a potion of curing for 48 gold pieces
 39001 | Orc:2    | Bought a potion of curing for 45 gold pieces
 39001 | Orc:2    | Bought a potion of curing for 45 gold pieces
 39147 | Orc:2    | Received a gift from Okawaru
 39431 | Orc:2    | Paralysed by an orc sorcerer for 3 turns
 39588 | Orc:2    | Reached XP level 16. HP: 144/144 MP: 21/21
 39630 | Orc:2    | Bought a potion of invisibility for 120 gold pieces
 39630 | Orc:2    | Bought a potion of heal wounds for 75 gold pieces
 39701 | Orc:2    | Reached skill level 5 in Evocations
 39972 | Orc:2    | Found Ladi's Jewellery Shoppe.
 39972 | Orc:2    | Found Wahyfonu's Antique Weapon Emporium.
 39973 | Orc:2    | Found a one-way gate leading to the halls of Pandemonium.
 40184 | Crypt:1  | Identified the of Moocsuum
 40184 | Depths:1 | Entered Level 1 of the Depths
 40184 | Depths:1 | Noticed a lich
 40451 | Swamp:1  | Entered Level 1 of the Swamp
 40696 | Swamp:1  | You are sucked into a shaft and drop 1 floor!
 41312 | Swamp:1  | Found a runed translucent gate.
 41313 | Swamp:1  | Found a runed translucent gate.
 41314 | Swamp:1  | Found a runed translucent gate.
 41314 | Swamp:1  | Noticed Mett's ghost (journeyman MfSh)
 41321 | Swamp:1  | Received a gift from Okawaru
 41355 | Swamp:1  | Noticed Kikiss's ghost (adept DrSh)
 41357 | Swamp:1  | Noticed Kikiss's ghost (adept DrSh)
 41357 | Swamp:1  | Noticed Mahus's ghost (journeyman GrBe)
 41649 | Lair:2   | HP: 9/216 [Kikiss's ghost (25)]
 41649 | Lair:2   | HP: 2/216 [Kikiss's ghost (7)]
 41652 | Lair:2   | Demolished by Kikiss's ghost

Illustrated notes

Levels and vault maps discovered:
D:1:      roadster_arrival_rocket_small, layout_basic
D:2:      layout_loops_ring
D:3:      layout_basic, mainiacjoe_overflow_concentric_impassable,
          kennysheep_vampire_church
D:4:      layout_basic, cheibrodos_ashenzari_chains, kennysheep_little_box
D:5:      minmay_chambers_of_threes, layout_loops_ring, st_stairs_4
D:6:      layout_rooms, nicolae_qazlal_beasts_of_the_sky,
          minmay_temple_entry_drinking_statues
D:7:      layout_rooms, riverfiend_overflow_shadow_ancestor,
          nicolae_fountain_basement, uniq_pikel
D:8:      layout_rooms, nzn_wu_jian_contemplation, zin_purify,
          gammafunk_ghost_necromancy, uniq_maggie
D:9:      layout_irregular_city, hellmonk_lair_entry_icy, nicolae_blasting_shop
D:10:     layout_roguey, xom_butterflies, serial_glass, glass_columns_b,
          glass_columns_c, nicolae_trove_entry_isolated, uniq_josephine
D:11:     kennysheep_ambush_hall, layout_basic, serial_rivers,
          chequers_serial_rivers_small_3, chequers_serial_rivers_room_a,
          chequers_serial_rivers_small_b, chequers_serial_rivers_marsh,
          chequers_serial_rivers_large_b, chequers_serial_rivers_room_a,
          dreamdust_mushroom_princess, uniq_maurice, uniq_erica
D:12:     layout_basic, david_orc_3
D:13:     layout_basic, nicolae_barding_shop
D:14:     layout_irregular_city, grunt_vaults_entry_fortified,
          serial_bayou_ford_a, uniq_agnes, uniq_louise
D:15:     hangedman_depths_entry_civil_slaughter, layout_gridville,
          grunt_ministairs_1, eino_small_chamber_without_monster, uniq_azrael
Temple:   nicolae_temple_no_exploring_needed
Lair:1:   layout_long_grid, ebering_ghost_funeral_grove
Lair:2:   layout_hall_layers, palyth_hydra_swamp_entry,
          minmay_snake_entry_six_corridors, serial_bayou_shore_b
Lair:3:   layout_big_grid, roderic_batcave, lemuel_fruit_tree
Lair:4:   layout_long_grid, hellmonk_ghost_happy_afterlife, uniq_rupert
Lair:5:   wormcave, layout_cave_pods, guppyfry_lair_end_dragon,
          minmay_slime_entry_oklob_enclosed, gauntlet_entry_generic
Swamp:1:  layout_basic_swamp, gammafunk_ghost_cemetery,
          hangedman_swamp_ruin_wall
Swamp:2:  layout_basic_swamp, evilmike_swamp_ruin_house_2, swamp_pool_5
Orc:1:    layout_caves, serial_shops, nicolae_shop_back_alley_shop,
          nicolae_shop_window_shopping, nicolae_shop_rolling_square,
          nicolae_shop_waterfront, nicolae_shop_pleasant_corner_grove
Orc:2:    pf_orc_diabolical, layout_diamond_mine, serial_shops, shop,
          special_room, gammafunk_ghost_grave, kennysheep_orc_sif_temple,
          uniq_saint_roka
Depths:1: layout_gridville, rand_demon_pan_entry_5, hangedman_decor_slide_cut,
          abyss_entry_flame_altar, hell_entry, serial_sigils_hangedman_gut,
          hangedman_feature_mirror, nicolae_specific_store,
          kennysheep_generic_room_15, serial_bayou_shore_a

Skill      XL: |  1  2  3  4  5  6  7  8  9 10 11 12 13 14 15 16 |
---------------+-------------------------------------------------+-----
Unarmed Combat | 4 5 7 8 9 10 11 12 14 15 | 15.9
Shapeshifting  | 4 6 7 10 11 13 | 13.8
Invocations    | 3 6 7 |  7.3
Fighting       | 3 6 9 12 13 | 13.4
Dodging        | 5 8 10 12 | 12.2
Stealth        | 2 5 |  5.6
Evocations     | 4 6 |  6.2

Action                     |  1- 3 |  4- 6 |  7- 9 | 10-12 | 13-15 | 16-18 || total
---------------------------+-------+-------+-------+-------+-------+-------++-------
  Melee: Unarmed           |    26 |    77 |   290 |   872 |  1490 |   116 ||  2871
         Tailslap          |    11 |    11 |    50 |   190 |   329 |    22 ||   613
         Dagger            |    87 |    63 |       |       |       |       ||   150
         Punch             |     4 |     5 |     7 |       |   140 |    14 ||   170
         Maw               |       |       |       |       |   412 |    42 ||   454
  Throw: Dart              |       |       |       |       |     3 |       ||     3
         Javelin           |       |       |       |       |     1 |       ||     1
   Cast: Foxfire           |       |     4 |       |       |       |       ||     4
 Invoke: Heroism           |       |       |       |     2 |     3 |       ||     5
         Finesse           |       |       |       |       |     8 |     2 ||    10
  Evoke: Wand              |       |       |    13 |    16 |    21 |     3 ||    53
    Use: Scroll            |     8 |       |     5 |     6 |    16 |     2 ||    37
         Potion            |       |     2 |     1 |       |     8 |     1 ||    12
   Stab: Distracted        |       |     1 |       |     1 |       |     1 ||     3
         Sleeping          |       |       |       |       |     4 |     1 ||     5
         Invisible         |       |       |       |       |     1 |       ||     1
 Armour: Skin              |    74 |   101 |   162 |   545 |  1001 |    89 ||  1972
  Dodge: Dodged            |    85 |    52 |   140 |   616 |  1119 |    54 ||  2066
   Form: Flux              |       |       |     1 |       |       |       ||     1
         Maw               |       |       |       |       |     4 |       ||     4
         Blade             |       |       |       |       |     3 |       ||     3

Table legend: (Time is in decaauts)
 A = Elapsed time spent in this place.
 B = Non-inter-level travel time spent in this place.
 C = Inter-level travel time spent in this place.
 D = Time resting spent in this place.
 E = Time spent auto-exploring this place.
 F = Levels seen in this place.
 G = Mean time per level.
                   A        B        C        D        E       F      G
               +--------+--------+--------+--------+--------+-----+--------+
         Total |  41108 |  36787 |   4321 |  15738 |  11974 |  27 | 1522.5 |
       Dungeon |  24513 |  21840 |   2673 |   9488 |   7199 |  15 | 1634.2 |
        Temple |     67 |     61 |      6 |      0 |      0 |   1 |   67.0 |
          Lair |  11136 |   9895 |   1241 |   4283 |   3505 |   5 | 2227.2 |
         Swamp |   1061 |   1002 |     59 |    344 |    397 |   2 |  530.5 |
  Orcish Mines |   3373 |   3031 |    342 |   1096 |    681 |   2 | 1686.5 |
        Depths |      1 |      1 |      0 |      0 |      0 |   1 |    1.0 |
      Gauntlet |    954 |    954 |      0 |    526 |    192 |   1 |  954.0 |
               +--------+--------+--------+--------+--------+-----+--------+

Top non-repeatable levels by time:
  Lair:5: 2996 daAuts
  Lair:2: 2894 daAuts
    D:11: 2516 daAuts
     D:8: 2443 daAuts
     D:9: 2349 daAuts
  Lair:1: 2190 daAuts
    D:15: 2181 daAuts
   Orc:2: 2076 daAuts
     D:7: 2018 daAuts
     D:5: 1953 daAuts
    D:14: 1866 daAuts
     D:6: 1695 daAuts
    D:12: 1595 daAuts
  Lair:3: 1575 daAuts
    D:13: 1510 daAuts
